 Dungeon Sprint DCSS version 0.21-a0-110-g8e1637b (webtiles) character file.

31 HallandMoats the Skirmisher (level 3, -4/35 HPs)
             Began as a Mummy Fighter on July 11, 2017.
             Was an Initiate of Okawaru.
             Splashed by a jelly's acid (8 damage)
             ... in the Dungeon (Sprint IX: "|||||||||||||||||||||||||||||").
             The game lasted 00:00:56 (166 turns).

HallandMoats the Skirmisher (Mummy Fighter)          Turns: 166, Time: 00:00:57

Health: -4/35      AC:  6    Str: 19    XL:     3   Next: 7%
Magic:  3/3        EV:  7    Int:  7    God:    Okawaru [......]
Gold:   0          SH:  8    Dex: 12    Spells: 2/2 levels left

rFire    x . .     SeeInvis .   d - +2 rapier (venom)
rCold    + . .     Gourm    .   c - +0 shield
rNeg     + + +     Faith    .   b - +0 scale mail
rPois    ∞         Spirit   .   (no helmet)
rElec    .         Reflect  .   (no cloak)
rCorr    .         Harm     .   (no gloves)
MR       .....     NoTele   +   (no boots)
Stlth    ..........             (no amulet)
HPRegen  0.11/turn              (no ring)
MPRegen  0.08/turn              (no ring)

@: no status effects
A: no food or potions, fire vulnerability, cold resistance 1, negative energy
resistance 3, torment resistance, unbreathing
a: Renounce Religion


You were in the Dungeon.
You worshipped Okawaru.
Okawaru was noncommittal.
You were not hungry.

You visited 1 branch

Inventory:

Hand Weapons
 a - a +0 long sword
 d - a +2 rapier of venom (weapon)
Armour
 b - a +0 scale mail (worn)
 c - a +0 shield (worn)


   Skills:
 + Level 6.8 Fighting
 - Level 1.5 Long Blades
 - Level 2.4 Armour
 - Level 2.4 Shields


You had 2 spell levels left.
You didn't know any spells.

Dungeon Overview and Level Annotations

Branches:
Dungeon (1/1)

Altars:
Cheibriados
Dithmenos
Elyvilon
Fedhas
Gozag
Hepliaklqana
Kikubaaqudgha
Makhleb
Nemelex Xobeh
Okawaru
Qazlal
Ru
Sif Muna
Trog
Uskayaw
Vehumet
Wu Jian
Xom
Yredelemnul
Zin
The Shining One
Beogh
Jiyva
Lugonu


Innate Abilities, Weirdness & Mutations

You do not eat or drink.
Your flesh is vulnerable to fire.
You are immune to poison.
Your flesh is cold resistant. (rC+)
You are immune to negative energy. (rN+++)
You are immune to unholy pain and torment.
You can survive without breathing.


Message History

The iguana is severely wounded.
The phantom blinks!
You block the iguana's attack.
You hit the iguana.
You kill the iguana!
Okawaru is honoured by your kill.
Your Fighting skill gained 2 levels and is now at level 6!
You have reached level 2!
You have reached level 3!
Your experience leads to an increase in your attributes!
Increase (S)trength, (I)ntelligence, or (D)exterity?
You feel agile. The phantom barely misses you. The phantom hits you.
* * * LOW HITPOINT WARNING * * *
The phantom blinks!
You barely miss the jelly. You block the jelly's attack.
Your shield prevents you from hitting the jelly.
The jelly hits you.
* * * LOW HITPOINT WARNING * * *
You are splashed with acid!
The acid burns!
You die... ▓▓▓▓▓▓▓▓▓▓▓▓▓▓▓▓▓▓▓▓▓▓▓ ____________'oSJ@[[[W=+ ▓▓▓▓▓▓▓▓▓▓▓▓▓▓▓▓▓▓▓▓▓▓▓

You could see a phantom, a jelly, an adder and an orc.

Vanquished Creatures
  An iguana (D)
  2 goblins (D)
  A hobgoblin (D)
  A frilled lizard (D)
  A rat (D)
6 creatures vanquished.

Vanquished Creatures (others)
  A spatial maelstrom (D)
1 creature vanquished.

Grand Total: 7 creatures vanquished

Notes
Turn   | Place    | Note
-------+----------+-------------------------------------------
     0 | D        | HallandMoats the Mummy Fighter began the quest for the Orb.
     0 | D        | Reached XP level 1. HP: 18/18 MP: 1/1
     7 | D        | Banished a spatial maelstrom
    10 | D        | Reached skill level 4 in Fighting
   103 | D        | Noticed a phantom
   103 | D        | Noticed a jelly
   103 | D        | Noticed an iguana
   126 | D        | Found a roughly hewn altar of Beogh.
   126 | D        | Found a snail-covered altar of Cheibriados.
   126 | D        | Found a shadowy altar of Dithmenos.
   126 | D        | Found a white marble altar of Elyvilon.
   126 | D        | Found a blossoming altar of Fedhas.
   126 | D        | Found an opulent altar of Gozag.
   127 | D        | Found a hazy altar of Hepliaklqana.
   128 | D        | Found a viscous altar of Jiyva.
   129 | D        | Found an ancient bone altar of Kikubaaqudgha.
   130 | D        | Found a corrupted altar of Lugonu.
   131 | D        | Found a burning altar of Makhleb.
   132 | D        | Found a sparkling altar of Nemelex Xobeh.
   133 | D        | Found an iron altar of Okawaru.
   134 | D        | Found a stormy altar of Qazlal.
   135 | D        | Found a sacrificial altar of Ru.
   136 | D        | Found a deep blue altar of Sif Muna.
   137 | D        | Found a bloodstained altar of Trog.
   138 | D        | Found a hide-covered altar of Uskayaw.
   139 | D        | Found a radiant altar of Vehumet.
   140 | D        | Found an ornate altar of the Wu Jian Council.
   141 | D        | Became a worshipper of Warmaster Okawaru
   142 | D        | Found a shimmering altar of Xom.
   143 | D        | Found a basalt altar of Yredelemnul.
   144 | D        | Found a glowing silver altar of Zin.
   145 | D        | Found a glowing golden altar of the Shining One.
   164 | D        | Killed an iguana
   164 | D        | Reached skill level 6 in Fighting
   164 | D        | Reached XP level 2. HP: 6/29 MP: 2/2
   164 | D        | Reached XP level 3. HP: 8/35 MP: 3/3
   166 | D        | Splashed by a jelly's acid

Vault maps used:
D:        linesprint

Skill      XL: |  1 |
---------------+----+-----
Fighting       | 6 |  6.8
Long Blades    | |  1.5
Armour         | |  2.4
Shields        | |  2.4

Action                   || total
-------------------------++-------
Melee: Long sword        ||    14
       Rapier            ||     6
  Use: Scroll            ||     1
Armor: Scale mail        ||     2
Dodge: Dodged            ||     4
Block: Shield            ||    11
